 Dungeon Crawl Stone Soup version 0.29.0-4-gdea44cf6ec (webtiles) character file.

Game seed: 17187212074098653177

1040 qw the Grappler (level 8, -1/75 HPs)
             Began as a Troll Cinder Acolyte on Sept 3, 2022.
             Was an Elder of Ignis.
             Slain by an orc wizard
             ... wielding a +0 dagger of draining
              (3 damage)
             ... on level 5 of the Dungeon.
             The game lasted 00:02:18 (4093 turns).

qw the Grappler (Troll Cinder Acolyte)              Turns: 4093, Time: 00:02:19

Health: -1/75      AC: 11    Str: 25    XL:     8   Next: 4%
Magic:  8/8        EV:  9    Int: 10    God:    Ignis [****..]
Gold:   113        SH:  0    Dex:  5    Spells: 9/9 levels left

rFire   + . .      SeeInvis .     - Unarmed
rCold   . . .      Faith    .   (no shield)
rNeg    . . .      Spirit   .   a - +0 robe
rPois   .          Reflect  .   (helmet restricted)
rElec   .          Harm     .   (no cloak)
rCorr   .          Rampage  .   (gloves unavailable)
Will    .....                   (boots unavailable)
Stlth   +.........              (no amulet)
HPRegen 1.02/turn               (no ring)
MPRegen 0.11/turn               (no ring)

@: fiery-armoured
A: large, unfitting armour, claws 3, regeneration 1, shaggy fur 1, tough skin 1
a: Renounce Religion, Fiery Armour, Foxfire Swarm, Rising Flame


You were on level 5 of the Dungeon.
You worshipped Ignis.
Ignis was greatly pleased with you.
You visited 1 branch of the dungeon, and saw 5 of its levels.

You collected 152 gold pieces.
You spent 39 gold pieces at shops.


Innate Abilities, Weirdness & Mutations

You are too large for most types of armour.
You have claws for hands.
Your natural rate of healing is unusually fast.
You are covered in fur. (AC +1)
You have tough skin. (AC +1)


   Skills:
 - Level 3.0 Fighting
 - Level 3.2 Throwing
 + Level 8.8 Unarmed Combat
 - Level 1.0 Spellcasting
 - Level 2.1 Fire Magic


You had 9 spell levels left.
You didn't know any spells.
Your spell library contained the following spells:

 Spells                   Type           Power      Damage    Failure   Level
 Scorch                   Fire           8%         2d5       22%         2

Inventory:

Missiles
 f - 3 javelins (quivered)
 n - 6 boomerangs
Armour
 a - a +0 robe (worn)
Scrolls
 h - a scroll of acquirement {unknown}
 i - 2 scrolls of identify
Potions
 b - a potion of flight {unknown}
 c - 2 potions of might
 d - a potion of haste {unknown}
 e - a potion of ambrosia {unknown}
 g - a potion of attraction {unknown}
 j - a potion of resistance {unknown}
 k - a potion of lignification {unknown}
 l - a potion of degeneration {unknown}
 o - a potion of heal wounds {unknown}

Dungeon Overview and Level Annotations

Branches:
Dungeon (5/15)
 Temple: D:4-7

Altars:
Cheibriados
Qazlal
Sif Muna
Zin

Shops:
D:3 !!(=


Message History

4089 ||| INVOKING Fiery Armour.
A protective cloak of flame settles atop you.
The troll bites you but does no damage.
The troll is burned by your cloak of flames.
The troll is lightly wounded.
The troll completely misses you. The troll barely misses you.
The iguana bites you!
The iguana is burned by your cloak of flames.
The iguana is moderately wounded.
You mangle the iguana!!
You kill the iguana!
The troll bites you but does no damage.
The troll is burned by your cloak of flames.
The troll is moderately wounded.
The troll claws you but does no damage.
The troll is burned by your cloak of flames.
The troll is moderately wounded.
The troll claws you.
The troll is burned by your cloak of flames.
The troll is moderately wounded.
You claw the troll!
The troll is severely wounded.
The troll bites you!
The troll is burned by your cloak of flames.
The troll is almost dead.
The troll claws you!
The troll is burned by your cloak of flames.
The troll is almost dead.
The troll claws you.
The troll is burned by your cloak of flames.
The troll is almost dead.
You closely miss the troll.
The troll is almost dead.
You barely miss the troll.
The troll is almost dead.
The troll bites you. The troll claws you but does no damage.
The troll is burned by your cloak of flames.
You kill the troll!
The orc wizard hits you with a +0 dagger of draining.
You die...

. ...
#####...(.
###....T..o.
###..o##....o.
###.....@#
.h..}
####........##
....
............#
...
#..........##
..
#.....}[....#
.
##..........##
#.).........#
##........###
#......###.#


You could see an orc wizard.

Vanquished Creatures
  A troll (D:5)
  An ice beast (D:5)
  A phantom (D:5)
  A centaur (D:4)
  A kobold brigand (D:5)
  3 scorpions (D:5)
  2 orc priests (D:4)
  A hound (D:5)
  A jelly (D:5)
  4 iguanas (D:5)
  4 orc wizards
  5 gnolls
  4 adders
  2 ufetubi
  A worm (D:2)
  3 dart slugs
  27 orcs
  5 ball pythons
  5 bats
  11 endoplasms
  A giant cockroach (D:2)
  7 hobgoblins
  2 jackals (D:1)
  8 kobolds
  6 quokkas
  2 frilled lizards (D:2)
  5 goblins (D:1)
  9 rats
123 creatures vanquished.

Vanquished Creatures (others)
  Sigmund (D:3)
1 creature vanquished.

Grand Total: 124 creatures vanquished

Notes
Turn   | Place    | Note
-------+----------+-------------------------------------------
     0 | D:1      | qw the Troll Cinder Acolyte began the quest for the Orb.
     0 | D:1      | Reached XP level 1. HP: 22/22 MP: 1/1
     0 | D:1      | 0 ||| qw: Version: 0.1-a-102-g441f92d
     0 | D:1      | 0 ||| qw: Game counter: 5161
     0 | D:1      | 0 ||| qw: Always use a shield: true
     0 | D:1      | 0 ||| qw: God list: Okawaru
     0 | D:1      | 0 ||| qw: Allow faded altars: false
     0 | D:1      | 0 ||| qw: Do Orc after D:15 true
     0 | D:1      | 0 ||| qw: Do second Lair branch before Depths: true
     0 | D:1      | 0 ||| qw: Lair rune preference: random
     0 | D:1      | 0 ||| qw: Plans: Normal
     0 | D:1      | 0 ||| PLANNING D:1-11
   112 | D:1      | 112 ||| Stepping ~*~*~tactically~*~*~ (stealth).
   113 | D:1      | 113 ||| Stepping ~*~*~tactically~*~*~ (stealth).
   153 | D:1      | 153 ||| Stepping ~*~*~tactically~*~*~ (stealth).
   156 | D:1      | Reached XP level 2. HP: 26/29 MP: 2/2
   260 | D:1      | Reached skill level 4 in Unarmed Combat
   351 | D:1      | 351 ||| Stepping ~*~*~tactically~*~*~ (stealth).
   357 | D:1      | 357 ||| Stepping ~*~*~tactically~*~*~ (stealth).
   360 | D:1      | 360 ||| Stepping ~*~*~tactically~*~*~ (stealth).
   361 | D:1      | 361 ||| Stepping ~*~*~tactically~*~*~ (stealth).
   362 | D:1      | 362 ||| Stepping ~*~*~tactically~*~*~ (stealth).
   363 | D:1      | 363 ||| Stepping ~*~*~tactically~*~*~ (stealth).
   364 | D:1      | 364 ||| Stepping ~*~*~tactically~*~*~ (stealth).
   368 | D:1      | Reached XP level 3. HP: 36/36 MP: 3/3
   369 | D:1      | 369 ||| Stepping ~*~*~tactically~*~*~ (hiding).
   370 | D:1      | 370 ||| Stepping ~*~*~tactically~*~*~ (hiding).
   399 | D:1      | 399 ||| Stepping ~*~*~tactically~*~*~ (stealth).
   400 | D:1      | 400 ||| Stepping ~*~*~tactically~*~*~ (stealth).
   402 | D:1      | 402 ||| Stepping ~*~*~tactically~*~*~ (hiding).
   641 | D:1      | Reached skill level 1 in Throwing
   753 | D:1      | 753 ||| READING scroll labelled WERUOG IMANNOR.
   754 | D:1      | 754 ||| READING scroll labelled MIVOMM PUDYI.
   889 | D:2      | 889 ||| INVOKING Fiery Armour.
   890 | D:2      | 890 ||| Stepping ~*~*~tactically~*~*~ (stealth).
   894 | D:2      | 894 ||| Stepping ~*~*~tactically~*~*~ (stealth).
   897 | D:2      | 897 ||| Stepping ~*~*~tactically~*~*~ (stealth).
   902 | D:2      | Reached XP level 4. HP: 41/44 MP: 4/4
   915 | D:2      | 915 ||| Stepping ~*~*~tactically~*~*~ (stealth).
   916 | D:2      | 916 ||| Stepping ~*~*~tactically~*~*~ (stealth).
  1073 | D:2      | Reached skill level 5 in Unarmed Combat
  1490 | D:2      | 1490 ||| DRINKING 3 dark potions.
  1520 | D:3      | 1520 ||| STAIRDANCE
  1525 | D:3      | 1525 ||| STAIRDANCE
  1531 | D:3      | 1531 ||| STAIRDANCE
  1570 | D:3      | Found Vuyfueh's Jewellery Shoppe.
  1593 | D:3      | 1593 ||| SHOPLISTING +6 ring of strength (468 gold, have
                  | 54).
  1593 | D:3      | 1593 ||| SHOPLISTING amulet of Bucodgh {Acrobat Regen+}
                  | (481 gold, have 54).
  1593 | D:3      | 1593 ||| SHOPLISTING amulet of the acrobat (390 gold, have
                  | 54).
  1593 | D:3      | 1593 ||| SHOPLISTING ring "Poity" {rN+ Int+2} (405 gold,
                  | have 54).
  1593 | D:3      | 1593 ||| SHOPLISTING ring of Xiocoy {rF+ Will+} (488 gold,
                  | have 54).
  1593 | D:3      | 1593 ||| SHOPLISTING ring of positive energy (260 gold,
                  | have 54).
  1593 | D:3      | 1593 ||| SHOPLISTING ring of resist corrosion (260 gold,
                  | have 54).
  1593 | D:3      | 1593 ||| SHOPLISTING ring of willpower (325 gold, have 54).
  1689 | D:3      | Found Coigiof's Distillery.
  1700 | D:3      | 1700 ||| Stepping ~*~*~tactically~*~*~ (hiding).
  1701 | D:3      | 1701 ||| Stepping ~*~*~tactically~*~*~ (hiding).
  1825 | D:3      | 1825 ||| SHOPLISTING potion of haste (110 gold, have 59).
  1903 | D:3      | Found Ehib's Weapon Boutique.
  1978 | D:3      | Found a snail-covered altar of Cheibriados.
  1978 | D:3      | Noticed Sigmund
  1979 | D:3      | 1979 ||| FLEEEEING.
  1980 | D:3      | 1980 ||| FLEEEEING.
  1993 | D:3      | 1993 ||| Stepping ~*~*~tactically~*~*~ (stealth).
  1999 | D:3      | 1999 ||| FLEEEEING.
  2000 | D:3      | 2000 ||| FLEEEEING.
  2001 | D:3      | 2001 ||| FLEEEEING.
  2002 | D:3      | 2002 ||| FLEEEEING.
  2003 | D:3      | 2003 ||| FLEEEEING.
  2004 | D:3      | 2004 ||| FLEEEEING.
  2005 | D:3      | 2005 ||| FLEEEEING.
  2006 | D:3      | 2006 ||| FLEEEEING.
  2008 | D:3      | 2008 ||| FLEEEEING.
  2009 | D:3      | 2009 ||| FLEEEEING.
  2034 | D:3      | 2034 ||| FLEEEEING.
  2035 | D:3      | 2035 ||| FLEEEEING.
  2036 | D:3      | 2036 ||| FLEEEEING.
  2072 | D:3      | 2072 ||| FLEEEEING.
  2096 | D:3      | 2096 ||| FLEEEEING.
  2097 | D:3      | 2097 ||| FLEEEEING.
  2098 | D:3      | 2098 ||| FLEEEEING.
  2099 | D:3      | 2099 ||| FLEEEEING.
  2100 | D:3      | 2100 ||| FLEEEEING.
  2119 | D:3      | 2119 ||| FLEEEEING.
  2120 | D:3      | 2120 ||| FLEEEEING.
  2121 | D:3      | 2121 ||| FLEEEEING.
  2122 | D:3      | 2122 ||| FLEEEEING.
  2123 | D:3      | 2123 ||| FLEEEEING.
  2124 | D:3      | 2124 ||| FLEEEEING.
  2125 | D:3      | 2125 ||| FLEEEEING.
  2126 | D:3      | 2126 ||| FLEEEEING.
  2237 | D:3      | 2237 ||| Invisible monster not found???
  2402 | D:3      | Found Waanam's Distillery.
  2410 | D:3      | 2410 ||| BUYING potion of curing (39 gold).
  2410 | D:3      | Bought a potion of curing for 39 gold pieces
  2410 | D:3      | 2410 ||| SHOPLISTING potion of curing (39 gold, have 20).
  2410 | D:3      | 2410 ||| SHOPLISTING potion of heal wounds (65 gold, have
                  | 20).
  2437 | D:3      | Found a stormy altar of Qazlal.
  2482 | D:3      | Found a shimmering blue altar of Sif Muna.
  2542 | D:3      | Found Leconk's Weapon Emporium.
  2548 | D:3      | 2548 ||| DRINKING 2 potions of curing.
  2548 | D:3      | 2548 ||| (to cure confusion)
  2550 | D:3      | 2550 ||| DRINKING potion of curing.
  2550 | D:3      | 2550 ||| (to cure confusion)
  2560 | D:3      | 2560 ||| FLEEEEING.
  2561 | D:3      | 2561 ||| FLEEEEING.
  2562 | D:3      | 2562 ||| FLEEEEING.
  2564 | D:3      | 2564 ||| FLEEEEING.
  2565 | D:3      | 2565 ||| FLEEEEING.
  2594 | D:3      | Found a glowing silver altar of Zin.
  2596 | D:3      | 2596 ||| FLEEEEING.
  2597 | D:3      | 2597 ||| FLEEEEING.
  2598 | D:3      | 2598 ||| FLEEEEING.
  2598 | D:3      | Killed Sigmund
  2599 | D:3      | 2599 ||| FLEEEEING.
  2600 | D:3      | 2600 ||| FLEEEEING.
  2601 | D:3      | 2601 ||| FLEEEEING.
  2746 | D:3      | 2746 ||| READING scroll labelled FEUVVABLUR.
  2747 | D:3      | 2747 ||| READING scroll labelled QYLAED JETWAPT.
  2748 | D:3      | 2748 ||| READING scroll labelled JEDETRAIPT.
  2992 | D:4      | Reached XP level 5. HP: 48/50 MP: 5/5
  2995 | D:4      | 2995 ||| Stepping ~*~*~tactically~*~*~ (outnumbered).
  2996 | D:4      | 2996 ||| Stepping ~*~*~tactically~*~*~ (outnumbered).
  3003 | D:4      | 3003 ||| INVOKING Fiery Armour.
  3054 | D:4      | Noticed a centaur
  3055 | D:4      | 3055 ||| Stepping ~*~*~tactically~*~*~ (hiding).
  3059 | D:4      | Killed a centaur
  3060 | D:4      | Reached skill level 6 in Unarmed Combat
  3114 | D:4      | 3114 ||| Stepping ~*~*~tactically~*~*~ (stealth).
  3158 | D:4      | 3158 ||| Stepping ~*~*~tactically~*~*~ (stealth).
  3160 | D:4      | 3160 ||| Stepping ~*~*~tactically~*~*~ (stealth).
  3163 | D:4      | 3163 ||| Stepping ~*~*~tactically~*~*~ (outnumbered).
  3164 | D:4      | 3164 ||| Stepping ~*~*~tactically~*~*~ (outnumbered).
  3165 | D:4      | 3165 ||| Stepping ~*~*~tactically~*~*~ (outnumbered).
  3169 | D:4      | Reached XP level 6. HP: 59/59 MP: 6/6
  3231 | D:4      | 3231 ||| Stepping ~*~*~tactically~*~*~ (stealth).
  3655 | D:4      | 3655 ||| INVOKING Fiery Armour.
  3661 | D:4      | 3661 ||| FLEEEEING.
  3662 | D:4      | 3662 ||| FLEEEEING.
  3664 | D:4      | 3664 ||| FLEEEEING.
  3845 | D:4      | 3845 ||| READING scroll labelled FUISEA UXITAE.
  3848 | D:4      | 3848 ||| READING scroll labelled DAFRAC GOHYROFFERCH.
  3849 | D:4      | 3849 ||| READING 2 scrolls of identify.
  3849 | D:4      | 3849 ||| IDENTIFYING fizzy dark potion
  3850 | D:4      | 3850 ||| DROPPING potion of magic.
  3879 | D:5      | Entered Level 5 of the Dungeon
  3893 | D:5      | 3893 ||| Stepping ~*~*~tactically~*~*~ (hiding).
  3896 | D:5      | Reached skill level 7 in Unarmed Combat
  3897 | D:5      | 3897 ||| INVOKING Fiery Armour.
  3898 | D:5      | 3898 ||| Stepping ~*~*~tactically~*~*~ (outnumbered).
  3937 | D:5      | Found a stormy altar of Qazlal.
  3938 | D:5      | 3938 ||| Stepping ~*~*~tactically~*~*~ (stealth).
  3947 | D:5      | 3947 ||| Stepping ~*~*~tactically~*~*~ (outnumbered).
  3950 | D:5      | 3950 ||| Stepping ~*~*~tactically~*~*~ (outnumbered).
  3952 | D:5      | Reached XP level 7. HP: 59/66 MP: 7/7
  3955 | D:5      | Reached skill level 8 in Unarmed Combat
  3956 | D:5      | 3956 ||| Stepping ~*~*~tactically~*~*~ (outnumbered).
  3961 | D:5      | Reached skill level 3 in Fighting
  3984 | D:5      | Reached skill level 3 in Throwing
  4023 | D:5      | 4023 ||| FLEEEEING.
  4025 | D:5      | 4025 ||| FLEEEEING.
  4076 | D:5      | Noticed a troll
  4077 | D:5      | 4077 ||| Stepping ~*~*~tactically~*~*~ (stealth).
  4079 | D:5      | 4079 ||| Stepping ~*~*~tactically~*~*~ (hiding).
  4081 | D:5      | 4081 ||| Stepping ~*~*~tactically~*~*~ (hiding).
  4088 | D:5      | Reached XP level 8. HP: 71/75 MP: 8/8
  4089 | D:5      | 4089 ||| INVOKING Fiery Armour.
  4091 | D:5      | HP: 11/75 [troll (8)]
  4093 | D:5      | HP: 2/75 [troll (6)]
  4093 | D:5      | Killed a troll
  4093 | D:5      | Slain by an orc wizard

Levels and vault maps discovered:
D:1:      lemuel_arrival_room, layout_rooms, minmay_heptomino_l4
D:2:      layout_loops_ring, serial_bayou_pond_d, serial_bayou_pond_e
D:3:      layout_loops_ring, mainiacjoe_overflow_big_doors,
          mainiacjoe_overflow_catwalk_spiral, serial_shops,
          nicolae_diamond_shop, shop,
          nicolae_shop_temple_entry_statues_fountains, shop_fountains, shop,
          uniq_sigmund
D:4:      layout_loops_corners, nicolae_hexahallways, kennysheep_windowed_goal
D:5:      minmay_skewed_foursquare, layout_layer_cave, temple_green,
          minmay_ruined_shrine

Skill      XL: |  1  2  3  4  5  6  7 |
---------------+----------------------+-----
Unarmed Combat | 4 5 6 7 8 |  8.8
Throwing       | 1 2 3 |  3.2
Fighting       | 3 |  3.0
Spellcasting   | |  1.0
Fire Magic     | |  2.1

Action                   |  1- 3 |  4- 6 |  7- 9 || total
-------------------------+-------+-------+-------++-------
Melee: Unarmed           |    47 |   122 |    29 ||   198
       Punch             |     1 |     1 |     1 ||     3
Throw: Javelin           |    25 |    14 |     2 ||    41
       Large rock        |       |    29 |     5 ||    34
Invok: Fiery Armour      |     1 |     3 |     1 ||     5
  Use: Scroll            |     2 |     6 |       ||     8
       Potion            |       |     3 |       ||     3
Armor: Robe              |    11 |    48 |    11 ||    70
Dodge: Dodged            |    14 |    64 |     8 ||    86

Table legend:
 A = Non-vault XP
 B = Vault XP
 C = Vault XP percentage of total XP
 D = Non-vault monster count
 E = Vault monster count
 F = Vault count percentage of total count
                 A         B        C        D         E       F
            +---------+---------+-------+---------+---------+-------
      Total |    1229 |     543 |  30.6 |     106 |      17 |  13.8
            +---------+---------+-------+---------+---------+-------
        D:1 |      45 |       7 |  13.5 |      28 |       3 |   9.7
        D:2 |      92 |       0 |   0.0 |      20 |       0 |   0.0
        D:3 |      41 |       0 |   0.0 |      18 |       0 |   0.0
        D:4 |     349 |       1 |   0.3 |      30 |       1 |   3.2
        D:5 |     702 |     535 |  43.2 |      10 |      13 |  56.5
            +---------+---------+-------+---------+---------+-------
